Cogmind - Beta 16 @@@ ROGUE MODE // 2026.01.03 @ 00:04:27 Player: (Blank) Result: Destroyed by 01-MTF with 01-MTF's Shockpuncher Performance ------------- Evolutions (1) 500 Regions Visited (3) 600 Robots Destroyed (49) 245 Value Destroyed (1154) 1154 Prototype IDs (0) 0 Alien Tech Used (0) 0 Bonus (-257) -257 TOTAL SCORE: 2242 Bonus ------- Friendly Fire -257 Cogmind --------- Core Integrity 0/400 Matter 252/300 Energy 58/100 System Corruption 10% Temperature Cool (0) Movement Treading (160) Location -9/Storage Parts ------- > --- POWER (2) -------- (None) > --- PROPULSION (3) --- Light Treads > --- UTILITY (2) ------ (None) > --- WEAPON (2) ------- EMP Blaster > --- INVENTORY (5) ---- Light Armor Plating Peak State ------------ > --- POWER ------------ Ion Engine Light Ion Engine > --- PROPULSION ------- Flight Unit Flight Unit Flight Unit > --- UTILITY ---------- Weight Redist. System Sensor Array > --- WEAPON ----------- EM Pulse Gun Rocket Launcher > --- INVENTORY -------- Light Assault Rifle Mining Claw [Rating: 11] Favorites ----------- Power Light Ion Engine Engine Light Ion Engine Propulsion Wheel Treads Light Treads Wheel Wheel Flight Unit Flight Unit Utility Sensor Array Device Sensor Array Storage Medium Matter Pod Processor Signal Interpreter Protection Light Armor Plating Weapon Light Assault Rifle Energy Gun EM Pulse Gun Ballistic Gun Light Assault Rifle Launcher Rocket Launcher Slashing Weapon Mining Claw Build | -11 -10 -9 -9 ------- Run | Yrd Mat Mat Sto Slots Evolved 2 | . . 2 . Power 1 | . . 1 . Propulsion 1 | . . 1 . Utility . | . . . . Weapon . | . . . . Parts Attached 34 | 5 9 7 13 Power 4 | 1 . 2 1 Engine 4 | 1 . 2 1 Core . | . . . . Reactor . | . . . . Propulsion 11 | 2 4 3 2 Treads 2 | . . . 2 Leg . | . . . . Wheel 6 | 2 4 . . Hover . | . . . . Flight 3 | . . 3 . Utility 8 | . 3 1 4 Device 5 | . 2 1 2 Storage 1 | . 1 . . Processor 1 | . . . 1 Hackware . | . . . . Protection 1 | . . . 1 Artifact . | . . . . Weapon 11 | 2 2 1 6 Energy Gun 1 | . 1 . . Energy Cannon . | . . . . Ballistic Gun 4 | 2 1 . 1 Ballistic Cannon . | . . . . Launcher 5 | . . 1 4 Special Weapon . | . . . . Impact Weapon . | . . . . Slashing Weapon 1 | . . . 1 Piercing Weapon . | . . . . Special Melee Weapon . | . . . . Unidentified Prototypes . | . . . . Parts Lost 15 | . 1 5 9 Power 3 | . . 1 2 Propulsion 3 | . . 2 1 Utility 3 | . . . 3 Weapon 6 | . 1 2 3 Highest Loss Streak 5 | . 1 5 5 To Critical Strikes . | . . . . Average Backups 2 | 1 3 2 2 Power . | . 1 . . Propulsion . | . . . . Utility . | . . . 1 Weapon 1 | . 1 1 . Tool/Special . | . . . . Unused Backups 2 | . . . 2 Power . | . . . . Propulsion 1 | . . . 1 Utility 1 | . . . 1 Weapon . | . . . . Tool/Special . | . . . . Average Slot Usage (%) 80 | . 94 88 67 Engine 11 | . 14 20 5 Treads 9 | . . . 18 Wheel 10 | . 26 13 . Flight 3 | . . 12 1 Device 14 | . 10 21 14 Storage 4 | . 13 . . Processor 1 | . . . 3 Protection 1 | . . . 3 Energy Gun 2 | . . 9 . Ballistic Gun 11 | . 27 8 3 Launcher 7 | . . 3 14 Slashing Weapon 1 | . . . 3 Peak Build Rating 11 | 5 7 11 11 Average Rating 7 | 3 6 9 8 On Entrance 4 | . 5 7 6 Avg Prop Armor Cover (%) . | . . . . Naked Turns . | . . . . Heaviest Build 20 | 6 9 15 20 Greatest Support 40 | 20 20 26 40 Greatest Overweight (x) 2 | . 2 . . Average Overweight (x) . | . . . . Largest Inventory Capacity 5 | 5 5 5 5 Average Capacity 5 | 5 5 5 5 Most Carried 5 | 2 5 5 5 Average Carried 2 | 1 3 2 2 Final Capacity 5 | 5 5 5 5 Final Carried 5 | 2 5 2 1 Class Distribution -------------------- 79% | Mutant 20% | Scavenger-Mutant Dominant Class ---------------- Mutant | -10/Materials Scavenger-Mutant | -9/Materials Mutant | -9/Storage Resources | -11 -10 -9 -9 ----------- Run | Yrd Mat Mat Sto Matter Collected 1178 | 291 347 78 462 Remotely . | . . . . Salvage Created 1334 | 94 448 347 445 Parts 100 | 18 28 27 27 Haulers Intercepted 1 | . . 1 . Recyclers Shooed 1 | . . 1 . Parts Field Recycled . | . . . . Retrieved Matter . | . . . . Parts Self-Destructed . | . . . . Prevented . | . . . . Parts Restored . | . . . . Kills | -11 -10 -9 -9 ------- Run | Yrd Mat Mat Sto Combat Hostiles Destroyed 32 | 1 9 13 9 Guns 17 | 1 9 4 3 AOE 15 | . . 9 6 Classes Destroyed 9 | 3 1 3 2 Worker 8 | 1 4 2 1 Tunneler 3 | 3 . . . Hauler 1 | . . 1 . Recycler 1 | . . . 1 Operator 1 | . . . 1 Watcher 3 | . . 2 1 Swarmer 7 | . 1 6 . Grunt 21 | 1 8 6 6 Sentry 4 | . . 1 3 Best Kill Streak 9 | 4 5 9 4 Combat Bots Only 6 | 1 4 6 2 Max Kills in Single Turn 3 | 1 1 3 2 Gunslinging . | . . . . Exploded 3 | . . 3 2 Melee . | . . . . Uniques/NPCs Destroyed . | . . . . Combat | -11 -10 -9 -9 -------- Run | Yrd Mat Mat Sto Hostile Shots Fired 159 | 1 54 37 67 Missed 53 | 1 20 13 19 Hits 106 | . 34 24 48 Projectile 106 | . 34 24 48 Critical Strikes 4 | . . . 4 Damage Taken 1822 | . 377 354 1091 Core 488 | . 74 68 346 Absorbed by Shields 131 | . . . 131 Regen/Repaired (Parts) 24 | . . 24 . Core Remaining (%) 85 | 100 70 . . Volleys Fired 128 | 15 49 30 34 Largest 2 | 2 2 2 2 Hottest 73 | 40 60 73 66 Shots Fired 200 | 30 88 38 44 Gun 166 | 30 88 24 24 Cannon . | . . . . Launcher 34 | . . 14 20 Special . | . . . . Kinetic 150 | 30 86 10 24 Thermal . | . . . . Explosive 34 | . . 14 20 Electromagnetic 16 | . 2 14 . Robot Hit Streak 9 | 7 6 6 9 Robot Miss Streak 5 | 3 5 3 5 Penetration Max . | . . . . Secondary Targets 3 | . 2 1 . Max Gunslinging Chain 1 | . 1 1 . Shots Hit Robots 111 | 19 47 19 26 Core Hits 83 | 9 27 23 24 Critical Kills . | . . . . Critical Parts Destroyed . | . . . . Critical Strikes . | . . . . Melee Attacks . | . . . . Impact . | . . . . Slashing . | . . . . Piercing . | . . . . Sneak Attacks . | . . . . Combat Hostiles . | . . . . Follow-up Attacks . | . . . . Damage Inflicted 2828 | 194 453 952 1229 Guns 977 | 194 453 174 156 Cannons . | . . . . Explosions 1839 | . . 774 1065 Melee . | . . . . Ramming 12 | . . 4 8 Kinetic 830 | 194 428 52 156 Thermal . | . . . . Explosive 1839 | . . 774 1065 Electromagnetic 147 | . 25 122 . Impact . | . . . . Slashing . | . . . . Piercing . | . . . . Highest Corruption 10 | . . . 10 Average Corruption 10 | . . . 10 Corruption Purged . | . . . . Corruption Blocked . | . . . . Effects 2 | . . . 2 Message Errors 1 | . . . 1 Misfires 1 | . . . 1 Overload Shots . | . . . . Overflow Damage 100 | . . 22 78 Projectiles . | . . . . Explosions 100 | . . 22 78 Melee . | . . . . Knockbacks . | . . . . Impact . | . . . . Kinetic . | . . . . Secondary . | . . . . Self-Inflicted Damage 211 | . . 86 125 Shots 6 | . . 2 4 Rammed 3 | . . 1 2 Targets Rammed 3 | . . 1 2 Kicked . | . . . . Crushed . | . . . . Highest Temperature 57 | . 28 57 20 Average Temperature 17 | . 14 19 10 Received Heat Transfer 409 | . 198 72 139 Siege Activations . | . . . . Martial Activations . | . . . . Shielding Activations . | . . . . Robots Disrupted . | . . . . Combat Hostiles . | . . . . Robots Corrupted . | . . . . Combat Hostiles . | . . . . Parts Fried . | . . . . Impact Corruptions . | . . . . Robots Melted . | . . . . Combat Hostiles . | . . . . Parts Melted . | . . . . Heat Transferred . | . . . . Parts Sabotaged . | . . . . Parts Stolen . | . . . . Parts Stripped . | . . . . Power Chain Reactions . | . . . . Alert | -11 -10 -9 -9 ------- Run | Yrd Mat Mat Sto Maximum Alert Level 1 | . . 1 . Low Security (%) 96 | 100 100 82 100 Level 1 3 | . . 17 . Level 2 . | . . . . Level 3 . | . . . . Level 4 . | . . . . Level 5 . | . . . . High Security . | . . . . Max Security . | . . . . Peak Influence 323 | 20 115 323 155 Initial 121 | . 9 42 121 Average 78 | 5 51 92 103 Influence Increases 1225 | 40 275 456 454 Destroy 0b10 Robot/C 620 | 20 180 260 160 Destroy 0b10 Robot/NC 85 | 20 20 25 20 Destroy Leader 148 | . 30 66 52 Successful Hack 22 | . . 10 12 Disable Machine 75 | . . 30 45 Destroy Structure 215 | . . 65 150 Lose Combat Pursuer 60 | . 45 . 15 Influence Decreases 1181 | 25 189 269 698 Entered New Map 232 | . 6 59 167 Time Decay 684 | 25 173 160 326 Lost Part 150 | . 10 50 90 Purge Threat 115 | . . . 115 Squads Dispatched 9 | . 2 2 5 Investigation 4 | . . 1 3 Extermination . | . . . . Reinforcement 4 | . 2 1 1 Assault . | . . . . Garrison 1 | . . . 1 Intercept . | . . . . Searches Triggered . | . . . . Construction Impeded . | . . . . Haulers Reinforced . | . . . . Active Scanning Responses . | . . . . Cargo Convoy Interrupts . | . . . . Stealth | -11 -10 -9 -9 --------- Run | Yrd Mat Mat Sto Distress Signals 3 | . . 2 1 Communications Jammed . | . . . . Distress Signals . | . . . . Times Spotted 73 | 1 16 25 31 Peak Tracking Total 9 | 1 5 9 4 Tactical Retreats 3 | . 2 . 1 Traps | -11 -10 -9 -9 ------- Run | Yrd Mat Mat Sto Traps Triggered 4 | . . 1 3 Indirectly . | . . . . Trap Hack Attempts . | . . . . Triggered . | . . . . Disarmed . | . . . . Reprogrammed . | . . . . Reused . | . . . . Traps Extracted . | . . . . Installed . | . . . . Triggered . | . . . . Machines | -11 -10 -9 -9 ---------- Run | Yrd Mat Mat Sto Machines Disabled 6 | . . 3 3 Max in Single Turn 2 | . . 1 2 Machines Repaired . | . . . . Machines Dismantled . | . . . . Machines Sabotaged . | . . . . Overloaded Fab Kills . | . . . . Hacking | -11 -10 -9 -9 --------- Run | Yrd Mat Mat Sto Machines Accessed 11 | . . 4 7 Terminals 10 | . . 3 7 Fabricators . | . . . . Repair Stations 1 | . . 1 . Recycling Units . | . . . . Scanalyzers . | . . . . Garrison Access . | . . . . Total Hacks 23 | . . 8 15 Successful 13 | . . 5 8 Failed 10 | . . 3 7 Catastrophic 3 | . . 1 2 Database Lockouts . | . . . . Manual 2 | . . . 2 Terminals 21 | . . 6 15 Fabricators . | . . . . Repair Stations 2 | . . 2 . Recycling Units . | . . . . Scanalyzers . | . . . . Garrison Access . | . . . . Terminal Hacks 11 | . . 3 8 Record 3 | . . 1 2 Part Schematic 1 | . . . 1 Open Door 1 | . . . 1 Terminal Index 1 | . . . 1 Alert Level 2 | . . 1 1 Unreport Threat 1 | . . . 1 Patrol Status 1 | . . 1 . Recall Extermination 1 | . . . 1 Fabricator Hacks . | . . . . Repair Station Hacks 2 | . . 2 . Scan Component 1 | . . 1 . Repair 1 | . . 1 . Recycling Unit Hacks . | . . . . Scanalyzer . | . . . . Garrison Access Hacks . | . . . . Unauthorized Hacks . | . . . . Terminals . | . . . . Fabricators . | . . . . Repair Stations . | . . . . Recycling Units . | . . . . Scanalyzers . | . . . . Garrison Access . | . . . . Data Cores Recovered 1 | . . . 1 Used . | . . . . Hacking Detections 8 | . . 2 6 Full Trace Events 6 | . . 2 4 Feedback Events . | . . . . Feedback Blocked . | . . . . Robot Schematics Acquired . | . . . . Robots Built . | . . . . Authchips . | . . . . Time . | . . . . Total Robot Build Rating . | . . . . Part Schematics Acquired 1 | . . . 1 Parts Built . | . . . . Authchips . | . . . . Time . | . . . . Total Part Build Rating . | . . . . Part Studies Acquired . | . . . . Parts Repaired 1 | . . 1 . Time 26 | . . 26 . Parts Recycled . | . . . . Recycled Matter . | . . . . Retrieved Matter . | . . . . Retrieved Components . | . . . . Parts Scanalyzed . | . . . . Part Schematics Acquired . | . . . . Parts Damaged . | . . . . Bothacking | -11 -10 -9 -9 ------------ Run | Yrd Mat Mat Sto Used RIF Installer . | . . . . Robots Hacked . | . . . . Non-combat . | . . . . Combat . | . . . . Robot Hacks Applied . | . . . . Relay Couplers Released . | . . . . Fabnet Peak Effective % . | . . . . Robots Rewired . | . . . . Allies Hacked . | . . . . Hacks Repelled . | . . . . Allies | -11 -10 -9 -9 -------- Run | Yrd Mat Mat Sto Total Allies . | . . . . Largest Group . | . . . . Highest-Rated Group . | . . . . Highest-Rated Ally . | . . . . Total Orders . | . . . . Ally Attacks . | . . . . Total Damage . | . . . . Kills . | . . . . Allies Corrupted . | . . . . Allies Melted . | . . . . Intel | -11 -10 -9 -9 ------- Run | Yrd Mat Mat Sto Active Infowar (turns) 743 | . 127 311 305 Sensors 681 | . 127 311 243 Structural 62 | . . . 62 Robot Analysis Total . | . . . . Derelict Logs Recovered . | . . . . Drone Launches . | . . . . Drone Recoveries . | . . . . Exploration | -11 -10 -9 -9 ------------- Run | Yrd Mat Mat Sto Turns Passed 1674 | 152 457 323 742 Spaces Moved 1377 | 128 380 406 463 Core 30 | 25 5 . . Treads 335 | . . . 335 Legs . | . . . . Wheels 668 | 103 375 190 . Hover . | . . . . Flight 344 | . . 216 128 Fastest Speed 34 | 50 80 34 40 Average Speed 88 | 74 80 55 126 Slowest Speed 160 | 80 150 80 160 Overloaded Moves . | . . . . Propulsion Burnouts . | . . . . Robots Hopped 1 | . . 1 . Potential Cave-ins . | . . . . Cave-ins Triggered 1 | . . . 1 Exploration Rate (%) 37 | 5 38 27 78 Regions Visited 3 Branch Regions 1 Pre-discovered Areas . | . . . . Known Exits Taken . | . . . . Unknown Exits Taken 3 | 1 1 1 . Scrap Searched . | . . . . Spaces Dug . | . . . . Terrain Destroyed 263 | . . 97 166 Melee . | . . . . Projectile . | . . . . AOE 263 | . . 97 166 Terrain Rammed . | . . . . Walls Destroyed . | . . . . Machines Disabled . | . . . . Actions | -11 -10 -9 -9 --------- Run | Yrd Mat Mat Sto Total 1657 | 157 455 467 578 Wait 51 | 3 2 6 40 Move 1372 | 127 379 403 463 Hop 1 | . . 1 . Pick Up 37 | 7 9 7 14 Fast Attach 2 | . 2 . . Attach 32 | 5 7 8 12 Detach 2 | . 1 1 . Swap 8 | . 1 4 3 Drop 20 | . 5 6 9 Fire 128 | 15 49 30 34 Melee . | . . . . Ram 1 | . . 1 . Kick . | . . . . Crush 2 | . . . 2 Escape Stasis . | . . . . Rewire 1 | . . . 1 Trap . | . . . . Miscellaneous . | . . . . Route ------- -11/Scrapyard -10/Materials -9/Materials -9/Storage History --------- Turn | Location | Event 2 | -11/Scrapyard | Met Revision 17 103 | -11/Scrapyard | Discovered new exit (range 8) 153 | -11/Scrapyard | Entered Materials 309 | -10/Materials | Build established: Mutant 428 | -10/Materials | Discovered new exit (range 16) 610 | -10/Materials | Entered another Materials area 610 | -9/Materials | Evolved 2 slots: Power x1, Propulsion x1 771 | -9/Materials | Repaired Ion Engine 917 | -9/Materials | Discovered new exit (range 6) 933 | -9/Materials | Entered Storage 954 | -9/Storage | Lost 5 parts (1p2n2w) 1045 | -9/Storage | Core integrity fell below 50% 1110 | -9/Storage | Met 01-MTF 1591 | -9/Storage | Garrison activated, responded to threat 1625 | -9/Storage | Crushed by falling debris 1625 | -9/Storage | Core integrity fell below 20% 1625 | -9/Storage | System corruption reached 10% 1656 | -9/Storage | Lost 5 parts (1p1n2u1w) 1675 | -9/Storage | Destroyed by 01-MTF with 01-MTF's Shockpuncher Last Messages --------------- The unstable cave ceiling collapses. K-01 Serf collects debris. Acquired 60 matter. K-01 Serf collects debris. Acquired Corrupted Lgt. Treads. Dropped Corrupted Lgt. Treads. K-01 Serf collects debris. |<%FTDKAXIDI>G0R RQS,EJEY9Y72LVAF/=C/= R-06 Scavenger collects Corrupted Lgt. Treads. System corrupted: FCS attempts to trigger Grenade Launcher. System corrupted: Grenade Launcher misfires. [Achievement: Maybe Next Time I'll Detach My Launcher] 01-MTF: "How could you, we barely know each other!" Shield Generator destroyed. [Achievement: Let's See Who's Tougher] G-47 Trooper destroyed. Grenade Launcher destroyed. Destroyed Grenade Launcher. Rocket Launcher destroyed. Destroyed Rocket Launcher. Map ----- +----------------------------------------------------+ | ?????????? """ ?#### # ! # """ # | | ??????????? """ ## # ] #""" """ # | | ???????????? ### #"R | | ????????????"" ## ## ! #""" # | | ????????????""" # ## ## | | ??????????? """ *% ##### | | ?????????# # ## # ###?# !%! | | ?????????######### ##### # | | ?????????# ! """ # % # ## | | ?????????# """ [ # =%######## T### | | ?????????# ! """ " =%! #### ##?? | | ?????#???# [ ##?# #??? | | ?????# ?# """ ##?# #??? | | ?????# #####+##+# ## """ ##?# #??? | | ?????# = ##### """ ##?#^^^#??? | | ?????# ####? ##?# #??? | | ?????# #???? """ ???# #??? | | ?????######### #???? """ ???# #??? | | ?????????????# #???? ""?????# ??? | | ?????????????# a##??? ?????# ??? | | ?????????????# mT####[ ??????# #??? | | ?????????????# #####+###??? #??? | | ?????????????# ?? #??? | | ?????????????+ * ?# ???? | | ?????????????# =%p ?# ???? | | ?????????????## @ #########??# ???? | | ?????????????# ##??????????# ???? | | ?????????????# """Y """#????????# #??? | | ????????????"" """ G"#????????# #??? | | ??????????#"R """ """#????????# #### | | ??????????#""" ####????????+ ## " | | ??????????# "" """ ???????????# ## " | | ??????????#### """ ##??????????# ## " | | ?????????????#^ ?????#???????????# ## | | ?????????????# ?????????????????# ## | | ?????????????####????????????????## ## | | ?????????????????????????????????# *%### | | ?????????????????????????????????# = | | ?????????????????????????????????# T | | ?????????????????????????????????# ! | | ?????????????????????????????????# #"" | | ?????????????????????????????????######### | | ?????????????????????????????????????????? | | ?????????????????????????????????????????? | | ?????????????????????????????????????????? | | ?????????????????????????????????????????? | | ?????????????????????????????????????????? | | ?????????????????????????????????????????? | | ?????????????????????????????????????????? | | ?????????????????????????????????????????? | +----------------------------------------------------+ Best States ------------- Heat Dissipation 38 Energy Generation 15 Energy Capacity 275 Matter Stores 400 Matter Capacity 400 Sight Range 16 Robot Scan Range 14 Terrain Scan Density 10 Additional Mass Support 6 Armor Coverage 150 Evasion (%) 63 Recoil Reduction 2 Item Schematics ----------------- Plasma Cannon | -9/Storage | Hacked Robot Schematics ------------------ None Fabricated ------------ Nothing Repaired ---------- Ion Engine | 60% | -9/Materials Studied --------- None Alien Tech Used ----------------- None Achievements -------------- DATA ERROR: Steam Global Achievement% Everything Is Under Control For Emergencies Only Ghost 'Em Let's See Who's Tougher Maybe Next Time I'll Detach My Launcher Novice Programmer One Hack Too Far Overwhelming Part-time Mechanic Remodeling Resistances Are Futile Storm Trooper System Compromised Unlikely Earthworm Challenges ------------ None Game ------ Seed SurgeInertialCompressor Manual? 0 Play Time 00:44:00 Cumulative 1.1 hours Start 2026.01.02 @ 23:22:05 End 2026.01.03 @ 00:04:27 Sessions 1 Manual Loads 0 Difficulty Rogue Special Mode None Game No. 2 Rogue 2 Adventurer 0 Explorer 0 Win Type - Total 0 Types 0/0/0/0/0/0/0/0/0/0 Lore% 0 Gallery% 2 Achievement% 4 Wizard Run 0 Options --------- Layout 0 ASCII 0 Keyboard 0 Movement Numpad Keybinds 0 Fullscreen 2 Font 18/SmallcapsGlow Map View 76x50 Zoom Use 0% Tactical HUD 0 Map Filters NONE Filters NONE Steam 1 RUN: 69bddfe9-f646-43b2-b304-5ea75206316f